 Dungeon Crawl Stone Soup version 0.19-a0-1875-g4fea3da (webtiles) character file.

67 wazuzu the Slasher (level 3, -7/24 HPs)
             Began as a High Elf Gladiator on Oct 13, 2016.
             Mangled by a gnoll
             ... wielding a +1 spear of venom
              (9 damage)
             ... on level 2 of the Dungeon.
             The game lasted 00:02:36 (1426 turns).

wazuzu the Slasher (High Elf Gladiator)             Turns: 1426, Time: 00:02:37

Health: -7/24      AC:  4    Str: 14    XL:     3   Next: 98%
Magic:  4/4        EV: 13    Int: 12    God:
Gold:   94         SH:  0    Dex: 16    Spells: 1 memorised, 0 levels left

rFire  . . .     SeeInvis .     a - +0 long sword
rCold  . . .     Gourm    .     b - +0 leather armour
rNeg   . . .     Faith    .     (no shield)
rPois  .         Spirit   .     c - +0 helmet
rElec  .         Dismiss  .     (no cloak)
rCorr  .         Reflect  .     (no gloves)
MR     .....     Harm     .     (no boots)
Stlth  +.........               (no amulet)
                                (no ring)
                                (no ring)

@: lethally poisoned (-7 -> -38)
A: no striking features
a: no special abilities


You were on level 2 of the Dungeon.
You were not hungry.

You visited 1 branch of the dungeon, and saw 2 of its levels.

You collected 94 gold pieces.

Inventory:

Hand Weapons
 a - a +0 long sword (weapon)
Missiles
 d - 3 throwing nets (quivered)
Armour
 b - a +0 leather armour (worn)
 c - a +0 helmet (worn)
Wands
 o - a wand of flame (19/48)
Scrolls
 e - a scroll of enchant weapon {unknown}
 i - a scroll of identify {unknown}
 k - a scroll of enchant armour {unknown}
 l - 2 scrolls of remove curse {unknown}
Potions
 g - 2 potions of flight {unknown}
 j - 2 potions of brilliance {unknown}
 m - 2 potions of degeneration {unknown}
 n - a potion of curing {unknown}
 q - a potion of might {unknown}
 s - a potion of agility {unknown}
Comestibles
 f - 2 bread rations
 h - 3 fruits
 p - 2 meat rations
 r - 4 chunks of flesh


   Skills:
 - Level 2.0 Fighting
 + Level 5.9 Long Blades
 - Level 2.0 Throwing
 - Level 3.2 Dodging


You couldn't memorise any spells.
You knew the following spells:

 Your Spells              Type           Power        Failure   Level  Hunger
a - Blink                 Tloc           N/A          67%         2    ###....


Dungeon Overview and Level Annotations

Branches:
Dungeon (2/15)

Altars:
Gozag


Message History

You hit the gnoll.
The gnoll is almost dead.
The gnoll hits you but does no damage.
You are poisoned.
The gnoll misses you.
You riposte.
You slash the gnoll!
You kill the gnoll!
Okay, then.
You feel sick. The gnoll hits you but does no damage.
You are lethally poisoned!
You see here a whip.
You closely miss the gnoll.
You feel sick. The gnoll hits you but does no damage.
The gnoll hits you with a spear of venom.
* * * LOW HITPOINT WARNING * * *
You are more poisoned.
You hit the gnoll but do no damage.
* * * LOW HITPOINT WARNING * * *
You feel very sick.
The gnoll hits you with a spear of venom!
You die...

#.............# #.....#########
##.....# ########......#
..............#
..............#####
..........#.......########
............####.........#######
...............#@#.#####.......#
..........######g##.#####.....##
.............##.g.##..###.....#
...........#####'####.)......##
...........# ... #####....#
.####.##.### +.♣.+ ##<.....#
...##....#### #. .# ##..#....#
#........)..# ## ####.(.######
#.##>......#### #....#


You could see 2 gnolls.

Vanquished Creatures
  A gnoll (D:2)
  A worm (D:2)
  2 dart slugs (D:1)
  2 leopard geckos (D:2)
  3 giant cockroaches (D:1)
  3 goblins
  6 hobgoblins
  6 jackals (D:1)
  2 quokkas (D:2)
  6 bats
  4 frilled lizards
  3 kobolds (D:1)
  5 rats
44 creatures vanquished.

Notes
Turn   | Place    | Note
-------+----------+-------------------------------------------
     0 | D:1      | wazuzu the High Elf Gladiator began the quest for the Orb.
     0 | D:1      | Reached XP level 1. HP: 14/14 MP: 2/2
    44 | D:1      | Reached skill level 4 in Long Blades
    53 | D:1      | Reached XP level 2. HP: 12/19 MP: 3/3
   564 | D:1      | Reached skill level 5 in Long Blades
   601 | D:1      | Reached XP level 3. HP: 22/24 MP: 4/4
  1227 | D:2      | Found an opulent altar of Gozag.
  1292 | D:2      | Learned a level 2 spell: Blink
  1426 | D:2      | Mangled by a gnoll

Vault maps used:
D:1:      eino_arrival_water_star
D:2:      grunt_gozag_statues, grunt_temple_overflow_diamond

Skill      XL: |  1  2 |
---------------+-------+-----
Long Blades    | 4 5 |  5.9
Fighting       | |  2.0
Throwing       | |  2.0
Dodging        | |  3.2

Action                   || total
-------------------------++-------
Melee: Long sword        ||   111
 Stab: Sleeping          ||     1
  Eat: Chunk             ||     2
Armor: Leather armour    ||    34
Dodge: Dodged            ||    92
       Rpst.: Long sword ||    25
